 Dungeon Crawl Stone Soup version 0.18.1-6-gd335043 (webtiles) character file.

19 HungrySpirit the Chucker (level 2, 0/28 HPs)
             Began as an Ogre Arcane Marksman on May 15, 2016.
             Slain by a hobgoblin
             ... wielding a +0 club
              (4 damage)
             ... on level 1 of the Dungeon.
             The game lasted 00:01:31 (1012 turns).

HungrySpirit the Chucker (Ogre Arcane Marksman)     Turns: 1012, Time: 00:01:32

Health: 0/28       AC:  4    Str: 15    XL:     2   Next: 75%
Magic:  3/3        EV: 10    Int: 12    God:
Gold:   13         SH:  0    Dex:  9    Spells: 1 memorised, 2 levels left

rFire  . . .     SeeInvis .     i - -3 club (curse)
rCold  . . .     Gourm    .     a - +0 robe
rNeg   . . .     Faith    .     (no shield)
rPois  .         Spirit   .     (helmet restricted)
rElec  .         Dismiss  .     l - +0 cloak
rCorr  .         Reflect  .     (gloves unavailable)
SustAt .         Harm     .     (boots unavailable)
MR     .....                    (no amulet)
Stlth  +.........               (no ring)
                                (no ring)

@: not resistant to hostile enchantments, very unstealthy
A: unfitting armour, tough skin 1
a: no special abilities


You were on level 1 of the Dungeon.
You were hungry.

You visited 1 branch of the dungeon, and saw 1 of its levels.

You collected 13 gold pieces.

Inventory:

Hand Weapons
 g - a +0 dagger
 i - a cursed -3 club (weapon)
 m - a +0 club
Missiles
 d - a throwing net (quivered)
Armour
 a - a +0 robe (worn)
 l - a +0 cloak (worn)
Scrolls
 h - a scroll of amnesia
Potions
 e - 2 potions of curing {unknown}
Books
 b - a book of Debilitation

   Spells                             Type                      Level
   a - Corona                         Hexes                        1
   b - Slow                           Hexes                        2
   c - Gell's Gravitas                Hexes/Translocation          3
   d - Inner Flame                    Hexes/Fire                   3
   e - Cause Fear                     Hexes                        4
   f - Leda's Liquefaction            Hexes/Earth                  4
Comestibles
 f - 2 bread rations
 j - a meat ration


   Skills:
 - Level 2.2 Fighting
 * Level 1.6 Maces & Flails
 - Level 2.4 Throwing
 - Level 1.7 Dodging
 - Level 1.2 Spellcasting
 - Level 2.1 Hexes


You had 2 spell levels left.
You knew the following spells:

 Your Spells              Type           Power        Failure   Level  Hunger
a - Corona                Hex            #......      14%         1    ##.....


Dungeon Overview and Level Annotations

Branches:
Dungeon (1/15)

Altars:


Innate Abilities, Weirdness & Mutations

You are too large for most types of armour.
You have tough skin (AC +1).


Message History

You hit the hobgoblin but do no damage.
The hobgoblin struggles to escape the net.
You hit the hobgoblin but do no damage.
The hobgoblin struggles against the net.
You hit the hobgoblin.
The hobgoblin is lightly wounded.
The hobgoblin struggles against the net.
You hit the hobgoblin but do no damage.
The hobgoblin is lightly wounded.
The hobgoblin struggles to escape the net.
The hobgoblin struggles against the net.
The helpless hobgoblin fails to defend itself.
You hit the hobgoblin but do no damage.
The hobgoblin is lightly wounded.
The hobgoblin struggles to escape the net.
The hobgoblin breaks free.
You hit the hobgoblin but do no damage.
The hobgoblin is lightly wounded.
The hobgoblin hits you with a club.
You die...

####... ## ##### ## #.
... #. #.## #.# #.
#..#####.#########.
######..................
......g.###...........##
#######@###...........#
........(.............#
........###...........#
........# #######...####
........# #...##..
........# #.......
.....(..# #...##..
........# #...####
....((..# .....#


You could see a hobgoblin.

Vanquished Creatures
  An ooze (D:1)
  A dart slug (D:1)
  A hobgoblin (D:1)
  3 bats (D:1)
  A giant newt (D:1)
  4 goblins (D:1)
  2 kobolds (D:1)
  2 rats (D:1)
15 creatures vanquished.

Vanquished Creatures (others)
  7 toadstools (D:1)
7 creatures vanquished.

Grand Total: 22 creatures vanquished

Notes
Turn   | Place    | Note
--------------------------------------------------------------
     0 | D:1      | HungrySpirit the Ogre Arcane Marksman began the quest for the Orb.
     0 | D:1      | Reached XP level 1. HP: 19/19 MP: 2/2
   392 | D:1      | Reached XP level 2. HP: 24/28 MP: 3/3
   736 | D:1      | Reached skill level 1 in Maces & Flails
  1012 | D:1      | Slain by a hobgoblin

Skill      XL: |  1  2 |
---------------+-------+-----
Fighting       | 2 |  2.2
Maces & Flails | 1 |  1.6
Throwing       | |  2.4
Dodging        | |  1.7
Spellcasting   | |  1.2
Hexes          | |  2.1

Action                   || total
-------------------------++-------
Melee: Unarmed           ||    33
       Dagger            ||    12
       Club              ||    89
Throw: Large rock        ||     4
       Throwing net      ||     1
  Use: Scroll            ||     1
 Stab: Held in net/web   ||     1
Armor: Robe              ||    62
Dodge: Dodged            ||    96
